 Dungeon Crawl Stone Soup version 0.31-a0-233-g139696dc86 (webtiles) character file.

Game seed: 6135269100037808038

735 Shard1697 the Magician (level 8, -1/58 HPs)
             Began as a Djinni Summoner on July 8, 2023.
             Slain by a wyvern zombie (10 damage)
             ... on level 5 of the Dungeon.
             The game lasted 00:06:27 (3541 turns).

Shard1697 the Magician (Djinni Summoner)            Turns: 3541, Time: 00:06:27

Health: -1/58      AC:  7    Str:  7    XL:     8   Next: 4%
Gold:   230        EV: 12    Int: 18    God:
                   SH:  0    Dex: 15

rFire   + + .        f - +0 rapier
rCold   x . .        (no shield)
rNeg    . . .        a - +0 robe
rPois   ∞            j - +2 helmet
rElec   .            (no cloak)
rCorr   .            q - +1 pair of gloves
SInv    .            (boots unavailable)
Will    .....        (no amulet)
Stlth   ++           (no ring)
HPRegen 0.29/turn    (no ring)
MPRegen 0.00/turn

%: infuse magic (-2 HP)
@: flying
A: sickness immunity, fire resistance 2, cold vulnerability 1, float, innate
caster, HP casting, extra vitality 1
a: no special abilities


You were on level 5 of the Dungeon.
You visited 1 branch of the dungeon, and saw 5 of its levels.

You collected 230 gold pieces.

Inventory:

Hand Weapons
 f - a +0 rapier (weapon)
Armour
 a - a +0 robe (worn)
 j - a +2 helmet (worn)
 l - a +0 buckler
 q - a +1 pair of gloves (worn)
Wands
 c - a wand of paralysis (11)
Scrolls
 e - a scroll of amnesia
 h - 4 scrolls of teleportation
Potions
 b - a potion of lignification {unknown}
 d - a potion of might {unknown}
 i - a potion of curing
 k - 2 potions of heal wounds {unknown}
 m - 3 potions of mutation
 p - a potion of attraction {unknown}


   Skills:
 + Level 4.9 Fighting
 - Level 2.1 Dodging
 - Level 1.5 Stealth
 + Level 5.9 Spellcasting
 + Level 5.9 Conjurations
 + Level 5.9 Hexes
   Level 0.0 Charms
 + Level 5.9 Summonings
 + Level 5.9 Necromancy
 + Level 5.9 Translocations
 + Level 5.9 Transmutations
 + Level 5.9 Fire Magic
 + Level 5.9 Ice Magic
 + Level 5.9 Air Magic
 + Level 5.9 Earth Magic
 + Level 5.9 Poison Magic


You knew the following spells:

 Your Spells              Type           Power      Damage    Failure   Level
a - Summon Small Mammal   Summ           100%       N/A       1%          1
b - Call Imp              Summ           52%        N/A       1%          2
c - Passwall              Tmut/Erth      21%        N/A       1%          2
d - Summon Guardian Gole  Hex/Summ       26%        N/A       3%          3
e - Summon Lightning Spi  Summ/Air       26%        N/A       11%         4
f - Beastly Appendage     Tmut           52%        N/A       1%          1
g - Dazzling Flash        Conj/Hex       52%        N/A       3%          3
t - Call Canine Familiar  Summ           26%        N/A       3%          3
Your spell library was empty.

Dungeon Overview and Level Annotations

Branches:
Dungeon (5/15)
 Temple: D:4-7

Altars:
Makhleb


Innate Abilities, Weirdness & Mutations

You are immune to sickness and miasma.
You are immune to poison.
Your flesh is very heat resistant. (rF++)
You are vulnerable to cold. (rC-)
You float through the air rather than walking.
You learn spells naturally, not from books.
Your magical power is your life essence.
You have superior vitality. (+4 MHP)


Message History

The wyvern zombie bites you!
* * * LOW HITPOINT WARNING * * *
Your hound barely misses the water moccasin zombie.
Your cerulean imp hits the water moccasin zombie from afar with a -2 spear.
The water moccasin zombie bites you.
* * * LOW HITPOINT WARNING * * *
The wyvern zombie barely misses you.
Your hound barely misses the water moccasin zombie.
It was a potion of curing.
You feel better.
The water moccasin zombie bites you but does no damage.
Your cerulean imp closely misses the water moccasin zombie.
Your hound bites the water moccasin zombie.
The water moccasin zombie is destroyed!
The wyvern zombie closely misses you.
You have reached level 8!
You feel agile.
You hit the wyvern zombie but do no damage.
The wyvern zombie is severely damaged.
Your hound bites the wyvern zombie but does no damage.
The wyvern zombie closely misses you.
Your cerulean imp hits the wyvern zombie from afar with a -2 spear.
Your hound bites the wyvern zombie.
The wyvern zombie bites your hound.
You strike the helpless wyvern zombie from behind!
You hit the wyvern zombie.
The wyvern zombie is almost destroyed.
Your hound bites the wyvern zombie but does no damage.
Your cerulean imp hits the wyvern zombie from afar with a -2 spear.
The wyvern zombie bites your hound.
Your hound closely misses the wyvern zombie.
Your cerulean imp hits the wyvern zombie from afar with a -2 spear.
You strike the helpless wyvern zombie from behind!
You hit the wyvern zombie.
The wyvern zombie is almost destroyed.
The wyvern zombie bites you!
* * * LOW HITPOINT WARNING * * *
Your hound barely misses the wyvern zombie.
Your cerulean imp closely misses the wyvern zombie.
The wyvern zombie misses you.
Your hound bites the wyvern zombie.
You feel better. The wyvern zombie bites you!
You die...

#.# #.#######
#.......#
######.#####.#
#........# #.#
#........####.#####.#
#.##...............#
#...........####.#
#.#.[.#####@##
...##..# #Z.#
........# ##h## .#
###..# ##5.### #..#
#.....# ...# #.....#
#..8..# #.......
......###


You could see a wyvern zombie (ally target), a friendly hound (summoned) and a
friendly cerulean imp (summoned).

Vanquished Creatures
  An ogre (D:4)
  A phantom (D:5)
  A water moccasin skeleton (D:5)
  A bullfrog zombie (D:5)
  A gnoll (D:4)
  5 adders
  2 worms
  A dart slug (D:4)
  An orc (D:3)
  A bat (D:2)
  5 endoplasms
  3 giant cockroaches
  A goblin (D:2)
  5 hobgoblins
  5 jackals
  3 kobolds
  4 quokkas
  7 ball pythons
  A frilled lizard (D:2)
  A rat (D:3)
50 creatures vanquished.

Vanquished Creatures (collateral kills)
  An ogre (D:5)
  A scorpion (D:5)
  A water moccasin zombie (D:5)
  A hound (D:4)
  A gnoll bouda (D:4)
  A sleepcap (D:5)
  2 gnolls (D:4)
  3 adders
  3 worms
  A dart slug (D:2)
  3 orcs (D:3)
  2 bats
  4 endoplasms
  A giant cockroach (D:2)
  9 hobgoblins
  A jackal (D:4)
  2 kobolds
  A quokka (D:2)
  2 ball pythons
  2 frilled lizards
42 creatures vanquished.

Grand Total: 92 creatures vanquished

Notes
Turn   | Place    | Note
-------+----------+-------------------------------------------
     0 | D:1      | Shard1697 the Djinni Summoner began the quest for the Orb.
     0 | D:1      | Shard1697 set off with the following spells memorised:
                  | Summon Small Mammal, Call Imp, Call Canine Familiar, Summon
                  | Guardian Golem, Summon Lightning Spire.
     0 | D:1      | Reached XP level 1. HP: 15/15 MP: 0/0
   295 | D:1      | Reached XP level 2. HP: 21/21 MP: 0/0
   516 | D:1      | Reached XP level 3. HP: 20/25 MP: 0/0
   516 | D:1      | Learned a level 1 spell: Beastly Appendage
  1069 | D:2      | Reached XP level 4. HP: 30/31 MP: 0/0
  1081 | D:2      | You are sucked into a shaft and drop 1 floor!
  1593 | D:3      | Reached XP level 5. HP: 35/36 MP: 0/0
  1593 | D:3      | Learned a level 2 spell: Passwall
  1643 | D:3      | Reached skill level 1 in Fighting
  2162 | D:4      | Found a burning altar of Makhleb.
  2227 | D:4      | Noticed an ogre
  2245 | D:4      | Killed an ogre
  2246 | D:4      | Reached skill level 5 in Spellcasting
  2246 | D:4      | Reached skill level 5 in Conjurations
  2246 | D:4      | Reached skill level 5 in Hexes
  2246 | D:4      | Reached skill level 5 in Summonings
  2246 | D:4      | Reached skill level 5 in Necromancy
  2246 | D:4      | Reached skill level 5 in Translocations
  2246 | D:4      | Reached skill level 5 in Transmutations
  2246 | D:4      | Reached skill level 5 in Fire Magic
  2246 | D:4      | Reached skill level 5 in Ice Magic
  2246 | D:4      | Reached skill level 5 in Air Magic
  2246 | D:4      | Reached skill level 5 in Earth Magic
  2246 | D:4      | Reached skill level 5 in Poison Magic
  2246 | D:4      | Reached XP level 6. HP: 36/45 MP: 0/0
  3067 | D:5      | Entered Level 5 of the Dungeon
  3080 | D:5      | Reached XP level 7. HP: 41/50 MP: 0/0
  3080 | D:5      | Learned a level 3 spell: Dazzling Flash
  3538 | D:5      | Reached XP level 8. HP: 11/58 MP: 0/0
  3540 | D:5      | HP: 1/58 [wyvern zombie (11)]
  3541 | D:5      | Slain by a wyvern zombie

Illustrated notes

Levels and vault maps discovered:
D:1:      wander_arrival_abandoned_jail, layout_loops_ring,
          minmay_misc_feat_rows, minmay_liquid_box, nicolae_wormholes
D:2:      layout_rooms
D:3:      layout_basic
D:4:      layout_cave_pools, makhleb_heckhound_becter,
          mainiacjoe_overflow_small_starburst, serial_column_ruins,
          column_ruins_square_medium, column_ruins_hut_ruined,
          column_ruins_columns_plus, column_ruins_grid_1,
          column_ruins_corridor_water, column_ruins_open_tiny,
          grunt_ministairs_5
D:5:      layout_loops_corners, minmay_temple_entry_glass, serial_undead,
          serial_undead_d, serial_undead_c, serial_undead_d, serial_undead_b

Skill      XL: |  1  2  3  4  5  6  7 |
---------------+----------------------+-----
Spellcasting   | 4 5 |  5.9
Conjurations   | 4 5 |  5.9
Hexes          | 4 5 |  5.9
Summonings     | 4 5 |  5.9
Necromancy     | 4 5 |  5.9
Translocations | 4 5 |  5.9
Transmutations | 4 5 |  5.9
Fire Magic     | 4 5 |  5.9
Ice Magic      | 4 5 |  5.9
Air Magic      | 4 5 |  5.9
Earth Magic    | 4 5 |  5.9
Poison Magic   | 4 5 |  5.9
Fighting       | 2 3 4 |  4.9
Dodging        | |  2.1
Stealth        | |  1.5

Action                     |  1- 3 |  4- 6 |  7- 9 || total
---------------------------+-------+-------+-------++-------
  Melee: Short sword       |    27 |       |       ||    27
         Unarmed           |     1 |       |       ||     1
         Rapier            |    46 |   145 |    51 ||   242
         Punch             |     1 |     1 |       ||     2
   Cast: Summon Small Mamm |     6 |       |       ||     6
         Call Imp          |     6 |    13 |     3 ||    22
         Call Canine Famil |       |    11 |     6 ||    17
    Use: Scroll            |       |     7 |       ||     7
         Potion            |       |       |     2 ||     2
   Stab: Sleeping          |     1 |     3 |       ||     4
         Distracted        |       |     4 |     2 ||     6
 Armour: Robe              |    30 |    37 |    32 ||    99
  Dodge: Dodged            |    83 |   125 |    39 ||   247

Table legend: (Time is in decaauts)
 A = Elapsed time spent in this place.
 B = Non-inter-level travel time spent in this place.
 C = Inter-level travel time spent in this place.
 D = Time resting spent in this place.
 E = Time spent auto-exploring this place.
 F = Levels seen in this place.
 G = Mean time per level.
                   A        B        C        D        E       F      G
               +--------+--------+--------+--------+--------+-----+--------+
         Total |   3588 |   3517 |     71 |    388 |   2184 |   5 |  717.6 |
       Dungeon |   3588 |   3517 |     71 |    388 |   2184 |   5 |  717.6 |
               +--------+--------+--------+--------+--------+-----+--------+

Top non-repeatable levels by time:
     D:4: 988 daAuts
     D:1: 963 daAuts
     D:3: 654 daAuts
     D:2: 497 daAuts
     D:5: 485 daAuts
